 Dungeon Sprint DCSS version 0.20.1-1-g8b1a95d (webtiles) character file.

25067 potatolord6000 the Messiah (level 13, 0/137 HPs)
             Began as a Hill Orc Monk on Sept 1, 2017.
             Was the Champion of Beogh.
             Slain by a fire crab (4 damage)
             ... in the Dungeon (Sprint VII: "The Pits") on Sept 7, 2017.
             The game lasted 00:21:10 (3932 turns).

potatolord6000 the Messiah (Hill Orc Monk)          Turns: 3932, Time: 00:21:10

Health: 0/137      AC: 25    Str: 22    XL:     13   Next: 17%
Magic:  16/27      EV:  9    Int: 10    God:    Beogh [******]
Gold:   39         SH:  0    Dex: 16    Spells: 12/12 levels left

rFire    . . .     SeeInvis .   r - +1 great sword (flame)
rCold    . . .     Gourm    .   (shield currently unavailable)
rNeg     . . .     Faith    .   j - +7 plate armour
rPois    .         Spirit   .   (no helmet)
rElec    .         Reflect  .   (no cloak)
rCorr    .         Harm     .   (no gloves)
MR       .....     NoTele   +   (no boots)
Stlth    ..........             (no amulet)
Regen    0.4/turn               d - +3 ring of strength
MPRegen  0.2/turn               e - +3 ring of dexterity

@: lethally poisoned (0 -> -1), very slightly contaminated
A: walk on water
a: Smiting, Recall Orcish Followers, Give Item to Named Follower, Resurrection,
Renounce Religion


You were in the Dungeon.
You worshipped Beogh.
Beogh was exalted by your worship.
You were full.

You visited 1 branch You collected 39 gold pieces.

Inventory:

Hand Weapons
 a - the +2 scimitar of the Shore {slice, Int+2}
   (You found it in the Dungeon)

   It inflicts extra damage upon your enemies.
   It affects your intelligence (+2).
 r - a +1 great sword of flaming (weapon)
Armour
 j - a +7 plate armour (worn)
Jewellery
 d - a +3 ring of strength (left hand)
 e - a +3 ring of dexterity (right hand)
Scrolls
 b - a scroll of fear
 i - a scroll of blinking
 l - 3 scrolls of remove curse
 m - 5 scrolls of amnesia
 n - a scroll of summoning
 t - 2 scrolls of enchant weapon
 v - 3 scrolls of identify
Potions
 g - 2 potions of magic
 h - 4 potions of berserk rage
 k - a potion of invisibility
 s - 2 potions of heal wounds
Comestibles
 c - 8 bread rations
 o - 40 fruits
 p - 3 meat rations
 q - 6 royal jellies


   Skills:
 + Level 19.3 Fighting
 + Level 15.3 Long Blades
   Level 12.6 Axes
 + Level 17.8 Armour
 - Level 2.4 Dodging
 - Level 1.5 Stealth
 + Level 20.4 Invocations


You had 12 spell levels left.
You didn't know any spells.

Dungeon Overview and Level Annotations

Branches:
Dungeon (1/1)

Altars:
Ashenzari
Cheibriados
Dithmenos
Elyvilon
Fedhas
Gozag
Hepliaklqana
Kikubaaqudgha
Makhleb
Nemelex Xobeh
Okawaru
Qazlal
Ru
Sif Muna
Trog
Uskayaw
Vehumet
Xom
Yredelemnul
Zin
The Shining One
Beogh
Jiyva
Lugonu

Annotations:
D Urug


Message History

You closely miss the ice devil.
The ice devil is moderately wounded.
The ice devil hits you but does no damage.
The fire crab closely misses you.
You riposte.
You slice the fire crab!!
The fire crab is heavily wounded.
The fire crab claws you but does no damage.
Something hits the ice devil!
You hit the ice devil but do no damage.
The ice devil is heavily wounded.
You feel sick.
The ice devil hits you but does no damage.
The fire crab bites you but does no damage.
The fire crab claws you but does no damage.
Something barely misses the ice devil.
You slice the ice devil!! You burn the ice devil.
You kill the ice devil!
Beogh accepts your kill.
The fire crab bites you but does no damage.
The fire crab claws you.
You die...

###########..#....#.
.........++.........
.........++.........
#########..##..#....#. #N#
#..##......... #m#
##..##......... #H#
#§#..####''####'
#t#R##..####''####'
#@#o#..##......##.
#######)##..##.#÷##.##. #
............##.#=[+.##. #
............##.'|.# ##. #
#++###########.#)}+ #.
###########++###########.+[[#
#. ##................##..##
##+# #.
##......#..#......##..# #.
##................''..# #.


You could see a nagaraja, a minotaur, a merfolk, a fire crab and an efreet.

Vanquished Creatures
  A profane servitor (D)
  A fire giant (D)
  A red draconian (D)
  A merfolk impaler (D)
  2 minotaurs (D)
  An ice dragon (D)
  A catoblepas (D)
  A centaur warrior (D)
  A two-headed ogre (D)
  A deep troll (D)
  A necromancer (D)
  3 deep elf magi (D)
  A wolf spider (D)
  An eye of devastation (D)
  A molten gargoyle (D)
  2 orange demons (D)
  2 komodo dragons (D)
  An ice devil (D)
  7 kobold demonologists (D)
  A red devil (D)
  3 merfolk (D)
  A tyrant leech (D)
  3 blink frogs (D)
  A bog body (D)
  A dream sheep (D)
  A flying skull (D)
  A shadow (D)
  A redback (D)
  A hungry ghost (D)
  Edmund (D)
  An acid dragon (D)
  2 floating eyes (D)
  2 wolves (D)
  A centaur (D)
  2 big kobolds (D)
  5 killer bees (D)
  2 orc priests (D)
  A hell rat (D)
  A worker ant (D)
  An orc wizard (D)
  A gnoll (D)
  An adder (D)
  An ufetubus (D)
  4 leopard geckos (D)
  3 orcs (D)
  A bat skeleton (D)
  A bat zombie (D)
  2 giant cockroaches (D)
  3 kobolds (D)
  A ball python simulacrum (D)
  A bat (D)
  2 bat simulacra (D)
84 creatures vanquished.

Vanquished Creatures (collateral kills)
  A reaper (D)
  An ogre mage (D)
  A merfolk aquamancer (D)
  3 two-headed ogres (D)
  Urug (D)
  A deep troll (D)
  A deep elf mage (D)
  A molten gargoyle (D)
  A gargoyle (D)
  A spiny frog (D)
  A guardian mummy (D)
  A merfolk (D)
  6 blink frogs (D)
  A dream sheep (D)
  2 redbacks (D)
  3 water elementals (D)
  A wraith (D)
  A warg (D)
  A soldier ant (D)
  A floating eye (D)
  An orc warrior (D)
  A phantom (D)
  2 ogres (D)
  A wolf (D)
  A big kobold (D)
  A crimson imp (D)
  2 orc wizards (D)
  A gnoll shaman (D)
  2 gnolls (D)
  An adder simulacrum (D)
  A giant cockroach zombie (D)
  4 kobolds (D)
  A quokka skeleton (D)
49 creatures vanquished.

Vanquished Creatures (others)
  Urug (D)
  An orc sorcerer (D)
  An orc knight (D)
  An orc wizard (D)
  An orc warrior (D)
  2 orcs (D)
  A hobgoblin (D)
  A quokka skeleton (D)
9 creatures vanquished.

Grand Total: 142 creatures vanquished

Notes
Turn   | Place    | Note
-------+----------+-------------------------------------------
     0 | D        | potatolord6000 the Hill Orc Monk began the quest for the Orb.
     0 | D        | Reached XP level 1. HP: 19/19 MP: 1/1
    18 | D        | Reached skill level 1 in Armour
    22 | D        | Found a bloodstained altar of Trog.
    22 | D        | Found a deep blue altar of Sif Muna.
    22 | D        | Found a viscous altar of Jiyva.
    22 | D        | Found a hazy altar of Hepliaklqana.
    22 | D        | Found an opulent altar of Gozag.
    54 | D        | Found a glowing golden altar of the Shining One.
    54 | D        | Found a glowing silver altar of Zin.
    54 | D        | Found a basalt altar of Yredelemnul.
    54 | D        | Found a shimmering altar of Xom.
    54 | D        | Found a sacrificial altar of Ru.
    54 | D        | Found a stormy altar of Qazlal.
    54 | D        | Found an iron altar of Okawaru.
    54 | D        | Found a sparkling altar of Nemelex Xobeh.
    54 | D        | Found a burning altar of Makhleb.
    54 | D        | Found a blossoming altar of Fedhas.
    54 | D        | Found a white marble altar of Elyvilon.
    54 | D        | Found a shadowy altar of Dithmenos.
    54 | D        | Found a snail-covered altar of Cheibriados.
    58 | D        | Found a roughly hewn altar of Beogh.
    58 | D        | Found a corrupted altar of Lugonu.
    58 | D        | Found a radiant altar of Vehumet.
    59 | D        | Found a shattered altar of Ashenzari.
    59 | D        | Found an ancient bone altar of Kikubaaqudgha.
    59 | D        | Found a hide-covered altar of Uskayaw.
    68 | D        | Became a worshipper of Beogh the Brigand
    68 | D        | Reached * piety under Beogh
    68 | D        | Reached ** piety under Beogh
    91 | D        | Reached skill level 1 in Invocations
    98 | D        | Reached XP level 2. HP: 20/27 MP: 1/3
   101 | D        | Reached *** piety under Beogh
   101 | D        | Reached skill level 2 in Invocations
   189 | D        | Reached skill level 5 in Fighting
   189 | D        | Reached skill level 5 in Axes
   189 | D        | Reached skill level 3 in Invocations
   189 | D        | Reached XP level 3. HP: 24/36 MP: 0/5
   193 | D        | Noticed Edmund
   193 | D        | Noticed a floating eye
   331 | D        | Killed a floating eye
   331 | D        | Reached skill level 5 in Armour
   331 | D        | Reached skill level 6 in Invocations
   331 | D        | Reached XP level 4. HP: 47/47 MP: 5/8
   331 | D        | Reached XP level 5. HP: 52/52 MP: 5/9
   363 | D        | Killed Edmund
   363 | D        | Reached skill level 7 in Invocations
   363 | D        | Reached XP level 6. HP: 42/61 MP: 2/11
   415 | D        | Noticed a flying skull
   415 | D        | Noticed a floating eye
   415 | D        | Reached **** piety under Beogh
   416 | D        | Noticed a hungry ghost
   417 | D        | Noticed a phantom
   417 | D        | Paralysed by a floating eye for 3 turns
   422 | D        | Killed a floating eye
   422 | D        | Reached skill level 8 in Invocations
   424 | D        | Killed a flying skull
   424 | D        | Reached skill level 10 in Axes
   424 | D        | Reached skill level 9 in Invocations
   424 | D        | Reached XP level 7. HP: 30/71 MP: 12/14
   428 | D        | Killed a hungry ghost
   428 | D        | Reached skill level 10 in Fighting
   428 | D        | Reached skill level 10 in Invocations
   679 | D        | Reached ***** piety under Beogh
   679 | D        | Reached XP level 8. HP: 62/81 MP: 12/16
   695 | D        | Noticed a deep elf mage
   695 | D        | Noticed a bog body
   697 | D        | Killed a deep elf mage
   697 | D        | Reached skill level 10 in Armour
   697 | D        | Reached skill level 11 in Invocations
   703 | D        | Killed a bog body
   703 | D        | Reached skill level 12 in Invocations
   741 | D        | Got the +2 scimitar of the Shore {slice, Int+2}
  1037 | D        | Noticed a komodo dragon
  1038 | D        | Noticed a redback
  1043 | D        | Killed a redback
  1043 | D        | Reached skill level 1 in Long Blades
  1043 | D        | Gained Ugbert as an ally
  1044 | D        | Killed a komodo dragon
  1044 | D        | Reached XP level 9. HP: 63/90 MP: 11/18
  1065 | D        | Noticed a molten gargoyle
  1070 | D        | Killed a molten gargoyle
  1070 | D        | Reached skill level 13 in Invocations
  1071 | D        | Reached skill level 5 in Long Blades
  1094 | D        | Noticed a two-headed ogre
  1099 | D        | Your ally Ugbert died
  1101 | D        | Reached ****** piety under Beogh
  1104 | D        | Killed a two-headed ogre
  1113 | D        | Reached skill level 14 in Invocations
  1410 | D        | Noticed a centaur warrior
  1427 | D        | Killed a centaur warrior
  1427 | D        | Reached XP level 10. HP: 80/102 MP: 20/20
  1556 | D        | Noticed an orange demon
  1556 | D        | Noticed a kobold demonologist
  1556 | D        | Noticed a kobold demonologist
  1558 | D        | Killed a kobold demonologist
  1560 | D        | Killed a kobold demonologist
  1569 | D        | Killed an orange demon
  1569 | D        | Reached skill level 15 in Invocations
  1659 | D        | Noticed a molten gargoyle
  1659 | D        | Noticed Urug
  1666 | D        | Killed a molten gargoyle
  1667 | D        | Gained Geork as an ally
  1679 | D        | Killed Urug
  1981 | D        | Reached skill level 15 in Fighting
  2001 | D        | Reached skill level 10 in Long Blades
  2001 | D        | Reached skill level 16 in Invocations
  2001 | D        | Reached XP level 11. HP: 79/112 MP: 15/23
  2316 | D        | Noticed an ogre mage
  2316 | D        | Noticed a two-headed ogre
  2316 | D        | Noticed a two-headed ogre
  2317 | D        | Noticed a deep elf mage
  2319 | D        | Killed a deep elf mage
  2321 | D        | Noticed a two-headed ogre
  2322 | D        | Noticed an ice dragon
  2322 | D        | Killed an ogre mage
  2322 | D        | Killed a two-headed ogre
  2324 | D        | Killed a two-headed ogre
  2328 | D        | Killed a two-headed ogre
  2328 | D        | Reached skill level 17 in Invocations
  2334 | D        | Your ally Geork died
  2338 | D        | Killed an ice dragon
  2338 | D        | Reached skill level 15 in Armour
  2754 | D        | Noticed a necromancer
  2756 | D        | Paralysed by a floating eye for 4 turns
  2767 | D        | Killed a necromancer
  2800 | D        | Got the ring "Onuyvekh" {rElec rPois rF+ Int-2 Dex+6}
  3071 | D        | Noticed a sun demon
  3093 | D        | Noticed a merfolk aquamancer
  3094 | D        | Noticed a deep troll
  3095 | D        | Reached skill level 18 in Invocations
  3097 | D        | Killed a merfolk aquamancer
  3097 | D        | Reached XP level 12. HP: 120/125 MP: 7/25
  3552 | D        | Noticed a minotaur
  3552 | D        | Noticed a fire giant
  3552 | D        | Noticed a catoblepas
  3552 | D        | Noticed a reaper
  3554 | D        | Killed a minotaur
  3558 | D        | Killed a catoblepas
  3567 | D        | Killed a fire giant
  3567 | D        | Reached skill level 19 in Invocations
  3579 | D        | Killed a reaper
  3882 | D        | Noticed a minotaur
  3882 | D        | Noticed a merfolk impaler
  3893 | D        | Killed a merfolk impaler
  3895 | D        | Noticed a red draconian
  3896 | D        | Noticed a profane servitor
  3903 | D        | Killed a red draconian
  3912 | D        | HP: 6/129 [poisoned by a profane servitor]
  3913 | D        | Killed a profane servitor
  3913 | D        | Reached skill level 15 in Long Blades
  3913 | D        | Reached skill level 20 in Invocations
  3913 | D        | Reached XP level 13. HP: 6/137 MP: 18/27
  3914 | D        | Noticed a minotaur
  3915 | D        | Your ally died
  3919 | D        | Noticed a nagaraja
  3920 | D        | Killed a minotaur
  3929 | D        | HP: 4/137 [ice devil (16)]
  3932 | D        | Slain by a fire crab

Skill      XL: |  1  2  3  4  5  6  7  8  9 10 11 12 |
---------------+-------------------------------------+-----
Armour         | 2 3 5 6 8 9 10 12 13 15 17 | 17.8
Fighting       | 4 5 7 8 9 10 12 13 15 17 19 | 19.3
Invocations    | 1 3 6 7 9 10 12 14 16 18 20 | 20.4
Axes           | 5 7 9 10 11 12 | 12.6
Long Blades    | 3 7 10 12 15 | 15.3
Dodging        | |  2.4
Stealth        | |  1.5

Action                   |  1- 3 |  4- 6 |  7- 9 | 10-12 | 13-15 || total
-------------------------+-------+-------+-------+-------+-------++-------
Melee: Hand axe          |    23 |    13 |    17 |       |       ||    53
       Scimitar          |       |       |    38 |   138 |       ||   176
       Great sword       |       |       |       |    16 |    14 ||    30
Invok: Smiting           |     1 |     4 |    15 |    37 |     2 ||    59
       Resurrection      |       |       |     1 |     2 |       ||     3
       Give Item to Name |       |       |       |     1 |       ||     1
  Use: Potion            |       |     3 |     6 |     9 |     2 ||    20
       Scroll            |       |       |       |     5 |       ||     5
 Stab: Sleeping          |     1 |       |     1 |       |       ||     2
       Distracted        |       |       |     1 |     2 |       ||     3
       Invisible         |       |       |     1 |       |       ||     1
       Paralysed         |       |       |       |     3 |       ||     3
       Petrified         |       |       |       |     5 |       ||     5
  Eat: Meat ration       |       |       |     2 |     2 |       ||     4
Armor: Robe              |     6 |     1 |     2 |       |       ||     9
       Plate armour      |       |       |    61 |   185 |    17 ||   263
Dodge: Dodged            |    20 |     6 |    33 |   100 |     8 ||   167
       Rpst.: Scimitar   |       |       |     7 |    29 |       ||    36
       Great sword       |       |       |       |     2 |     3 ||     5
